 Dungeon Crawl Stone Soup version 0.19.1-1-g22dce08 (webtiles) character file.

767 ponk the Covert (level 7, -2/45 HPs)
             Began as an Octopode Assassin on Jan 11, 2017.
             Was a Follower of Dithmenos.
             Slain by a centaur zombie (6 damage)
             ... on level 5 of the Dungeon.
             The game lasted 00:25:56 (4983 turns).

ponk the Covert (Octopode Assassin)                 Turns: 4983, Time: 00:25:57

Health: -2/45      AC:  1    Str: 10    XL:     7   Next: 82%
Magic:  7/7        EV: 13    Int: 13    God:    Dithmenos [*.....]
Gold:   187        SH:  0    Dex: 16    Spells: 0 memorised, 6 levels left

rFire  . . .     SeeInvis +     t - +0 short sword
rCold  . . .     Gourm    .     (no shield)
rNeg   + . .     Faith    +     (helmet restricted)
rPois  .         Spirit   .     s - amulet of faith
rElec  .         Reflect  .     m - ring of positive energy
rCorr  .         Harm     .     e - ring of see invisible (curse)
MR     .....                    (no ring)
Stlth  +++++++...               (no ring)
                                (no ring)
                                (no ring)
                                (no ring)
                                (no ring)

@: wreathed by umbra
A: almost no armour, stealthy swim, amphibious, 8 rings, constrict 8, camouflage
1, gelatinous body 1
a: Renounce Religion


You were on level 5 of the Dungeon.
You worshipped Dithmenos.
Dithmenos was aware of your devotion.
You were not hungry.

You visited 1 branch of the dungeon, and saw 5 of its levels.

You collected 187 gold pieces.

Inventory:

Hand Weapons
 a - a +3 dagger
 b - a +0 blowgun
 t - a +0 short sword (weapon)
 u - the +6 shortbow of Watchfulness {velocity, +Blink rC- Int+3 SInv}
   (You found it on level 5 of the Dungeon)

   Any arrow fired from it inflicts extra damage.
   It affects your intelligence (+3).
   It makes you vulnerable to cold.
   It lets you see invisible.
   It lets you blink.
Missiles
 c - 33 poisoned needles
 d - 2 curare-tipped needles
 p - 4 tomahawks (quivered)
Jewellery
 e - a cursed ring of see invisible (right tentacle)
 m - a ring of positive energy (left tentacle)
 s - an amulet of faith (around mantle)
Wands
 i - a wand of paralysis (24/24)
Scrolls
 g - a scroll of remove curse
 j - a scroll of fear
 q - a scroll of recharging
Potions
 h - a potion of curing
 l - a potion of cure mutation
 n - 2 potions of haste {unknown}
 o - 2 potions of flight
Comestibles
 f - 3 bread rations


   Skills:
 - Level 2.1 Fighting
 - Level 2.0 Short Blades
   Level 0.2(1.2) Slings
 - Level 2.0 Throwing
 - Level 1.0 Dodging
 + Level 12.5 Stealth


You had 6 spell levels left.
You didn't know any spells.

Dungeon Overview and Level Annotations

Branches:
Dungeon (5/15)
 Temple: D:4-7

Altars:
Cheibriados
Dithmenos
Kikubaaqudgha
Makhleb
Ru
Trog

Annotations:
D:2 Sigmund
D:5 Atlantean's ghost, novice GrFi


Innate Abilities, Weirdness & Mutations

You cannot wear most types of armour.
You are very stealthy in the water. (Stealth+)
You are amphibious.
You can wear up to eight rings at the same time.
You can use your tentacles to constrict eight enemies at once.
Your skin changes colour to match your surroundings (Stealth+).
Your rubbery body absorbs attacks. (AC +1, EV +1)


Message History

You destroy the howler monkey skeleton!
Dithmenos accepts your kill.
The centaur zombie completely misses you.
You hit Atlantean's ghost but do no damage.
The centaur zombie barely misses you. Atlantean's ghost closely misses you.
You hit the worker ant zombie but do no damage.
You grab the worker ant zombie.
The worker ant zombie is moderately damaged.
You constrict the worker ant zombie. The centaur zombie hits you.
* * * LOW HITPOINT WARNING * * *
Atlantean's ghost hits you.
* * * LOW HITPOINT WARNING * * *
The worker ant zombie barely misses you.
The centaur zombie hits you.
* * * LOW HITPOINT WARNING * * *
You release your grip on the worker ant zombie.
The centaur zombie hits you.
* * * LOW HITPOINT WARNING * * *
The centaur zombie hits you.
You die...

## ..# #.# #.##########
#.##........
#.##@######
##.#########.##WZ≈...##
..............#Z.≈≈...#
#.####.####....Z≈≈≈..#
#.####.####..#.≈≈≈...#
#..............≈≈≈≈..#
######.####....P≈)...#
####...# #..#######.#
#......###..#######.##


You could see Atlantean's ghost, a worker ant zombie, a centaur zombie and a
howler monkey zombie.

Vanquished Creatures
  A sky beast (D:5)
  A phantom (D:4)
  A big kobold (D:5)
  3 scorpions
  3 bullfrog zombies (D:5)
  3 hounds (D:4)
  A bullfrog skeleton (D:4)
  4 gnolls (D:3)
  2 adders
  A howler monkey skeleton (D:5)
  A shadow imp (D:5)
  2 adder zombies (D:5)
  5 worms
  A dart slug (D:3)
  3 leopard geckos
  8 orcs
  4 giant cockroaches
  5 goblins
  A hobgoblin (D:3)
  3 jackals (D:3)
  2 quokkas (D:3)
  A ball python (D:2)
  7 bats
  5 frilled lizards
  A giant cockroach zombie (D:5)
  7 kobolds
  A quokka skeleton (D:4)
  6 rats
83 creatures vanquished.

Notes
Turn   | Place    | Note
-------+----------+-------------------------------------------
     0 | D:1      | ponk the Octopode Assassin began the quest for the Orb.
     0 | D:1      | Reached XP level 1. HP: 14/14 MP: 1/1
   376 | D:1      | Reached XP level 2. HP: 17/19 MP: 2/2
   544 | D:2      | Reached skill level 6 in Stealth
   686 | D:2      | Noticed Sigmund
   925 | D:2      | Found a snail-covered altar of Cheibriados.
  1007 | D:2      | Reached XP level 3. HP: 20/24 MP: 3/3
  1218 | D:2      | Found a sacrificial altar of Ru.
  1546 | D:3      | Found a shadowy altar of Dithmenos.
  1556 | D:3      | Became a worshipper of Dithmenos the Shadowed
  1605 | D:3      | Reached skill level 7 in Stealth
  1890 | D:3      | Found a burning altar of Makhleb.
  2306 | D:3      | Reached XP level 4. HP: 23/29 MP: 4/4
  2809 | D:3      | Reached skill level 8 in Stealth
  3149 | D:3      | Reached XP level 5. HP: 10/34 MP: 5/5
  3606 | D:4      | Reached skill level 9 in Stealth
  3893 | D:4      | Reached XP level 6. HP: 33/39 MP: 6/6
  3976 | D:4      | Reached skill level 10 in Stealth
  4186 | D:4      | Reached * piety under Dithmenos
  4283 | D:4      | Noticed a phantom
  4301 | D:4      | Killed a phantom
  4301 | D:4      | Reached skill level 11 in Stealth
  4321 | D:4      | Found a bloodstained altar of Trog.
  4333 | D:4      | Found an ancient bone altar of Kikubaaqudgha.
  4609 | D:5      | Entered Level 5 of the Dungeon
  4609 | D:5      | Noticed a sky beast
  4613 | D:5      | Reached XP level 7. HP: 42/45 MP: 7/7
  4719 | D:5      | Got an iridescent shortbow
  4720 | D:5      | Identified the +6 shortbow of Watchfulness {velocity, +Blink rC- Int+3 SInv} (You found it on level 5 of the Dungeon)
  4889 | D:5      | Reached skill level 12 in Stealth
  4947 | D:5      | Noticed Atlantean's ghost (novice GrFi)
  4983 | D:5      | Slain by a centaur zombie

Skill      XL: |  1  2  3  4  5  6  7 |
---------------+----------------------+-----
Stealth        | 6 7 8 9 11 12 | 12.5
Fighting       | |  2.1
Short Blades   | |  2.0
Slings         | |  0.2
Throwing       | |  2.0
Dodging        | |  1.0

Action                   |  1- 3 |  4- 6 |  7- 9 || total
-------------------------+-------+-------+-------++-------
Melee: Dagger            |    33 |    87 |     8 ||   128
       Constrict         |     8 |    17 |    10 ||    35
       Tentacles         |     5 |    13 |    10 ||    28
       Short sword       |       |       |    37 ||    37
 Fire: Hunting sling     |   107 |       |       ||   107
  Use: Scroll            |    10 |     1 |     3 ||    14
 Stab: Sleeping          |     6 |     9 |     5 ||    20
       Distracted        |       |     1 |       ||     1
  Eat: Chunk             |     4 |     6 |       ||    10
       Meat ration       |       |       |     1 ||     1
Armor: Skin              |     6 |       |     3 ||     9
Dodge: Dodged            |    46 |    48 |    40 ||   134
